 Dungeon Crawl Stone Soup version 0.25-a0-707-g603da076d2 (webtiles) character file.

Game seed: 128954281087561038, levelgen mode: deterministic

90 Amnesiac the Magician (level 4, 0/24 HPs)
             Began as a Deep Elf Wizard on Apr 5, 2020.
             Succumbed to a scorpion's poison
             ... on level 4 of the Dungeon.
             The game lasted 00:02:44 (1057 turns).

Amnesiac the Magician (Deep Elf Wizard)             Turns: 1057, Time: 00:02:45

Health: 0/24       AC:  2    Str:  4    XL:     4   Next: 32%
Magic:  1/15       EV: 13    Int: 24    God:
Gold:   48         SH:  0    Dex: 13    Spells: 6/17 levels left

rFire    . . .     SeeInvis .   (no weapon)
rCold    . . .     Gourm    .   (no shield)
rNeg     . . .     Faith    .   a - +0 robe
rPois    .         Spirit   .   b - +0 hat
rElec    .         Reflect  .   (no cloak)
rCorr    .         Harm     .   (no gloves)
MR       .....                  (no boots)
Stlth    ++........             (no amulet)
HPRegen  0.08/turn              (no ring)
MPRegen  0.14/turn              (no ring)

@: brilliant, lethally poisoned (0 -> -9), very slightly contaminated
A: no striking features
a: no special abilities


You were on level 4 of the Dungeon.
You were not hungry.

You visited 1 branch of the dungeon, and saw 4 of its levels.

You collected 48 gold pieces.

Inventory:

Armour
 a - a +0 robe (worn)
 b - a +0 hat (worn)
 c - a +0 kite shield
 g - a +0 cloak
Scrolls
 f - a scroll of remove curse {!r, unknown}
 h - a scroll of random uselessness {!r, unknown}
Comestibles
 d - 4 rations


   Skills:
 + Level 0.0 Fighting
 - Level 2.4 Dodging
 - Level 2.4 Stealth
 - Level 7.1 Spellcasting
 - Level 1.1 Conjurations
 - Level 1.1 Summonings
 - Level 1.1 Translocations


You had 6 spell levels left.
You knew the following spells:

 Your Spells              Type           Power        Failure   Level  Hunger
a - Magic Dart            Conj           ###.         4%          1    None
b - Call Imp              Summ           ###.....     7%          2    None
e - Mephitic Cloud        Conj/Pois/Air  ###.....     19%         3    None
s - Conjure Flame         Conj/Fire      ###.....     17%         3    None
v - Blink                 Tloc           N/A          7%          2    None

Your spell library contained the following spells:

 Spells                   Type           Power        Failure   Level  Hunger
 Slow                     Hex            ##......     11%         2    None


Dungeon Overview and Level Annotations

Branches:
Dungeon (4/15)
 Temple: D:4-7

Altars:


Message History

Casting: Call Imp (safe; 7% risk of failure)
Confirm with . or Enter, or press ? or * to list all spells.
You don't have enough magic to cast that spell.
Unknown command.
The scorpion barely misses you.
Casting: Call Imp (safe; 7% risk of failure)
Confirm with . or Enter, or press ? or * to list all spells.
Aiming: Magic Dart (safe; 4% risk of failure)
Press: ? - help, Shift-Dir - straight line, f/p - scorpion
Aim: a scorpion (moderately wounded, confused)
The magic dart hits the scorpion.
The scorpion is moderately wounded.
The scorpion misses your crimson imp.
Unknown command.
Casting: Magic Dart (safe; 4% risk of failure)
Confirm with . or Enter, or press ? or * to list all spells.
You don't have enough magic to cast that spell.
The scorpion misses your crimson imp.
The scorpion closely misses your crimson imp.
The scorpion seems less confused.
The scorpion closely misses your crimson imp.
The scorpion stings your crimson imp. The scorpion stings your crimson imp!
The scorpion closely misses your crimson imp.
Casting: Magic Dart (safe; 4% risk of failure)
Confirm with . or Enter, or press ? or * to list all spells.
Aiming: Magic Dart (safe; 4% risk of failure)
Press: ? - help, Shift-Dir - straight line, f/p - scorpion
Aim: a scorpion (severely wounded)
The magic dart hits the scorpion but does no damage.
The scorpion is severely wounded.
Unknown command.
Your crimson imp blinks!
Casting: Magic Dart (safe; 4% risk of failure)
Confirm with . or Enter, or press ? or * to list all spells.
Aiming: Magic Dart (safe; 4% risk of failure)
Press: ? - help, Shift-Dir - straight line, f/p - scorpion
Aim: a scorpion (severely wounded)
The magic dart hits the scorpion but does no damage.
The scorpion is severely wounded.
Your crimson imp disappears in a puff of smoke! x2
The scorpion stings you!
* * * LOW HITPOINT WARNING * * *
You are lethally poisoned!
The scorpion poisons you!
Casting: Magic Dart (safe; 4% risk of failure)
Confirm with . or Enter, or press ? or * to list all spells.
A shadowy apparition takes form in the air.
* * * LOW HITPOINT WARNING * * *
You feel sick. The scorpion closely misses you.
* * * LOW HITPOINT WARNING * * *
You feel sick.
* * * LOW HITPOINT WARNING * * *
You feel sick.
* * * LOW HITPOINT WARNING * * *
You feel sick.
Your shadow imp gestures at the scorpion.
The scorpion struggles to resist.
* * * LOW HITPOINT WARNING * * *
You feel sick. The scorpion stings your shadow imp.
Really quaff
e - an orange potion {!q}?
It was a potion of brilliance {!q}.
You feel clever all of a sudden.
You die...

##.# #............#
#..###.####.).....#
#..%.#..###.......#
#.#.†.............#
#.####..5.........# #.#
##..s.....#### ##<# #........##
## #..# ###.....#...#### #...
####.####....@.........# .....
##)....#........###.....#......
##...............##.............
#................##.###..#......
#......................#..<.....
#...............#..###..........
#...................(.......%...
#...............#######....?....
##.............## ..##......


You could see a scorpion and a friendly shadow imp.

Vanquished Creatures
  An adder (D:3)
  A leopard gecko (D:3)
  An orc (D:3)
  A goblin (D:3)
  A hobgoblin (D:1)
  A ball python (D:3)
  2 bats
  A frilled lizard (D:2)
  2 kobolds
  3 rats
14 creatures vanquished.

Vanquished Creatures (collateral kills)
  An ogre (D:4)
  A scorpion (D:4)
2 creatures vanquished.

Grand Total: 16 creatures vanquished

Notes
Turn   | Place    | Note
-------+----------+-------------------------------------------
     0 | D:1      | Amnesiac the Deep Elf Wizard began the quest for the Orb.
     0 | D:1      | Reached XP level 1. HP: 10/10 MP: 7/7
   278 | D:2      | You fall into a shaft and drop 1 floor!
   288 | D:3      | Reached skill level 5 in Spellcasting
   327 | D:3      | Reached XP level 2. HP: 11/15 MP: 3/10
   331 | D:3      | Learned a level 2 spell: Blink
   334 | D:3      | Learned a level 2 spell: Call Imp
   767 | D:4      | Noticed a scorpion
   859 | D:4      | Killed a scorpion
   859 | D:4      | Reached skill level 6 in Spellcasting
   859 | D:4      | Reached XP level 3. HP: 13/19 MP: 1/12
   864 | D:4      | Learned a level 3 spell: Conjure Flame
   868 | D:4      | Learned a level 3 spell: Mephitic Cloud
   960 | D:4      | Noticed an ogre
   970 | D:4      | Killed an ogre
   970 | D:4      | Reached skill level 7 in Spellcasting
   970 | D:4      | Reached XP level 4. HP: 24/24 MP: 10/15
  1056 | D:4      | HP: 1/24 [poisoned by a scorpion]
  1057 | D:4      | Succumbed to a scorpion's poison

Levels and vault maps discovered:
D:1:      erik_arrival_triangle_small, layout_basic,
          chequers_serial_rivers_micro_e, serial_bayou_pond_a
D:2:      layout_basic, first_ration, uniq_natasha
D:3:      layout_basic, old_standard_altar
D:4:      layout_rooms, minmay_temple_entry_enclosed_plants,
          serial_park_tiny_pond

Skill      XL: |  1  2  3 |
---------------+----------+-----
Spellcasting   | 5 6 7 |  7.1
Dodging        | |  2.4
Stealth        | |  2.4
Conjurations   | |  1.1
Summonings     | |  1.1
Translocations | |  1.1

Action                   |  1- 3 |  4- 6 || total
-------------------------+-------+-------++-------
 Cast: Magic Dart        |    39 |     6 ||    45
       Call Imp          |     5 |     4 ||     9
       Mephitic Cloud    |       |     1 ||     1
  Use: Potion            |       |     1 ||     1
Dodge: Dodged            |     6 |     2 ||     8

Table legend:
 A = Non-vault XP
 B = Vault XP
 C = Vault XP percentage of total XP
 D = Non-vault monster count
 E = Vault monster count
 F = Vault count percentage of total count
                 A         B        C        D         E       F
            +---------+---------+-------+---------+---------+-------
      Total |     129 |       0 |   0.0 |      16 |       0 |   0.0
            +---------+---------+-------+---------+---------+-------
        D:1 |       4 |       0 |   0.0 |       3 |       0 |   0.0
        D:2 |       4 |       0 |   0.0 |       4 |       0 |   0.0
        D:3 |      25 |       0 |   0.0 |       7 |       0 |   0.0
        D:4 |      96 |       0 |   0.0 |       2 |       0 |   0.0
            +---------+---------+-------+---------+---------+-------
